 Dungeon Crawl Stone Soup version 0.31-a0-867-g9b2fd80f0c (webtiles) character file.

Game seed: 10759775990067428051

93201 IcyTea the Carver (level 15, -1/122 HPs)
             Began as a Demonspawn Venom Mage on Oct 11, 2023.
             Was an Elder of Ashenzari.
             Slain by the 27-headed Lernaean hydra (10 damage)
             ... on level 4 of the Swamp on Oct 12, 2023.
             The game lasted 02:03:00 (25662 turns).

IcyTea the Carver (Demonspawn Venom Mage)          Turns: 25662, Time: 02:03:01

Health: -1/122     AC: 27    Str: 10    XL:     15   Next: 60%
Magic:  13/31      EV: 21    Int: 25    God:    Ashenzari [****..]
Gold:   2322       SH: 13    Dex: 19    Spells: 17/39 levels left

rFire   . . .        a - +4 demon blade (vamp)
rCold   + . .        v - +2 buckler "Bound Seer" {Fort, Bglg} (curse)
rNeg    . . .        K - +10 scale mail of Ashenzari's Gnosis {rElec rC+ Will-, Melee, Range} (curse)
rPois   .            X - +0 helmet "Shackled Repose" {SInv, Elem, Cun} (curse)
rElec   +            m - +2 cloak "Circumscribed Doubts" {Elem, Bglg} (curse)
rCorr   .            N - +2 pair of gloves of Apeoromancy {Self, Elem} (curse)
SInv    +            (no boots)
Will    .....        T - amulet of the Unyielding Gaze {Reflect SH+5, Fort, Cun} (curse)
Stlth   +            r - +5 ring of evasion
HPRegen 0.40/turn    f - ring of the Shattered Sage {Int+6, Self, Elem} (curse)
MPRegen 0.22/turn

%: repel missiles, reflection, clarity
@: lethally poisoned (-1 -> -3)
A: repulsion field 3, powered by pain 2, spiny 2, weakness stinger 1, agile 1,
wild magic 1
a: Renounce Religion, Curse Item, Shatter the Chains


You were on level 4 of the Swamp.
You worshipped Ashenzari.
Ashenzari was greatly pleased with you.
You visited 6 branches of the dungeon, and saw 25 of its levels.
You visited the Abyss 1 time.

You collected 3309 gold pieces.
You spent 987 gold pieces at shops.

Inventory:

Hand Weapons
 a - a +4 vampiric demon blade (weapon)
 b - the +9 staff of Olgreb {rPois∞}
   (You acquired it on level 9 of the Dungeon)

   Radiate:   It can be activated via the 'a'bility menu to radiate toxic
   energy, with effectiveness depending on Evocations skill.
   Pois:      It enhances your poison magic.
   rPois∞: It grants immunity to poison.
Missiles
 P - 2 throwing nets
Armour
 m - the cursed +2 cloak "Circumscribed Doubts" (worn) {Elem, Bglg}
   (You found it on level 2 of the Dungeon)

   It has a curse which improves the following skills: Elements: Fire Magic, Ice
   Magic, Air Magic and Earth Magic.
   Beguiling: Conjurations, Hexes and Translocations.
 v - the cursed +2 buckler "Bound Seer" (worn) {Fort, Bglg}
   (You took it off a spriggan on level 8 of the Dungeon)

   It has a curse which improves the following skills: Fortitude: Armour and
   Shields.
   Beguiling: Conjurations, Hexes and Translocations.
 C - +0 acid dragon scales
 I - a +2 robe of cold resistance
 K - the cursed +10 scale mail of Ashenzari's Gnosis (worn) {rElec rC+ Will-, Melee, Range}
   (You found it on level 7 of the Dungeon)

   rC+:       It protects you from cold.
   rElec:     It insulates you from electricity.
   Will-:     It decreases your willpower.
   It has a curse which improves the following skills: Melee Combat: Short
   Blades, Long Blades, Axes, Maces & Flails, Polearms, Staves and Unarmed
   Combat.
   Ranged Combat: Ranged Weapons and Throwing.
 N - the cursed +2 pair of gloves of Apeoromancy (worn) {Self, Elem}
   (You found it on level 8 of the Dungeon)

   It has a curse which improves the following skills: Introspection: Fighting
   and Spellcasting.
   Elements:  Fire Magic, Ice Magic, Air Magic and Earth Magic.
 X - the cursed +0 helmet "Shackled Repose" (worn) {SInv, Elem, Cun}
   (You found it on level 12 of the Dungeon)

   It has a curse which improves the following skills: Elements: Fire Magic, Ice
   Magic, Air Magic and Earth Magic.
   Cunning:   Dodging and Stealth.
Jewellery
 f - the cursed ring of the Shattered Sage (right hand) {Int+6, Self, Elem}
   (You found it on level 2 of the Lair of Beasts)

   [ring of intelligence]

   Int+6:     It affects your intelligence (+6).
   It has a curse which improves the following skills: Introspection: Fighting
   and Spellcasting.
   Elements:  Fire Magic, Ice Magic, Air Magic and Earth Magic.
 h - a ring of magical power
 r - a +5 ring of evasion (left hand)
 u - a +6 ring of dexterity
 w - a ring of positive energy
 H - a ring of protection from cold
 T - the cursed amulet of the Unyielding Gaze (around neck) {Reflect SH+5, Fort, Cun}
   (You acquired it on level 3 of the Dungeon)

   [amulet of reflection]

   Reflect:   It reflects blocked missile attacks.
   SH+5:      It affects your SH (+5).
   It has a curse which improves the following skills: Fortitude: Armour and
   Shields.
   Cunning:   Dodging and Stealth.
 W - a ring of protection from cold
Wands
 t - a wand of flame (9)
 L - a wand of acid (12)
 M - a wand of roots (26)
 R - a wand of digging (9)
 U - a wand of paralysis (34)
Scrolls
 j - 3 scrolls of amnesia
 k - 5 scrolls of vulnerability
 n - 2 scrolls of poison
 p - a scroll of butterflies
 q - 2 scrolls of fear
 s - 3 scrolls of teleportation
 y - a scroll of silence
 B - a scroll of blinking
 D - 3 scrolls of immolation
 E - 3 scrolls of fog
 F - a scroll of brand weapon
 G - a scroll of torment
Potions
 c - a potion of lignification
 d - 2 potions of heal wounds
 e - 2 potions of attraction
 g - 3 potions of brilliance
 i - 4 potions of haste
 o - 6 potions of enlightenment
 x - a potion of mutation
 z - 2 potions of ambrosia
 A - a potion of curing
 Q - a potion of cancellation
 S - a potion of magic
 V - a potion of berserk rage


   Skills:
 + Level 9.6(12.3) Fighting
 - Level 0.5(7.9) Short Blades
 - Level 12.2(14.0) Long Blades
 - Level 9.5(12.2) Armour
 - Level 5.1(7.7) Dodging
 - Level 1.7(3.6) Stealth
 - Level 5.0(7.6) Shields
 - Level 10.1(12.8) Spellcasting
 - Level 6.9(9.7) Conjurations
 - Level 3.2 Necromancy
 - Level 4.4(6.9) Translocations
 - Level 2.4 Transmutations
 - Level 3.1(6.7) Fire Magic
 - Level 3.4(7.1) Air Magic
 - Level 4.2(8.1) Earth Magic
 - Level 12.1 Poison Magic
 - Level 1.4 Evocations


You had 17 spell levels left.
You knew the following spells:

 Your Spells              Type           Power      Damage    Failure   Level
a - Manifold Assault      Tloc           60%        N/A       17%         4
b - Mephitic Cloud        Conj/Pois/Air  70%        N/A       2%          3
c - Olgreb's Toxic Radia  Pois           79%        N/A       2%          4
d - Shock                 Conj/Air       100%       1d9       1%          1
e - Stone Arrow           Conj/Erth      100%       3d13      3%          3
f - Ignite Poison         Fire/Tmut/Pois 61%        N/A       6%          3
g - Dispel Undead         Necr           42%        3d17      58%         4

Your spell library contained the following spells:

 Spells                   Type           Power      Damage    Failure   Level
 Sandblast                Erth           100%       2d20      1%          1
 Poisonous Vapours        Pois/Air       100%       N/A       1%          2
 Apportation              Tloc           100%       N/A       2%          1
 Sting                    Tmut/Pois      100%       1d8       2%          1
 Blink                    Tloc           100%       N/A       3%          2
 Cigotuvi's Dreadful Rot  Necr/Pois/Air  100%       N/A       3%          2
 Swiftness                Air            61%        N/A       5%          3
 Passwall                 Tmut/Erth      44%        N/A       6%          2
 Gell's Gravitas          Tloc           60%        N/A       6%          3
 Volatile Blastmotes      Fire/Tloc      100%       2d18      6%          3
 Necrotise                Necr           100%       1d9       9%          1
 Brom's Barrelling Bould  Conj/Erth      68%        2d8       9%          4
 Flame Wave               Conj/Fire      65%        2d15      12%         4
 Sticky Flame             Conj/Fire      65%        2d8       12%         4
 Airstrike                Air            30%        2d(5-21)  16%         4
 Inner Flame              Hex/Fire       43%        N/A       22%         3
 Summon Small Mammal      Summ           80%        N/A       30%         1
 Freezing Cloud           Conj/Ice/Air   27%        6-21      56%         5
 Summon Ice Beast         Ice/Summ       22%        N/A       92%         4
 Yara's Violent Unravell  Hex/Tmut       14%        3d7       98%         5
 Summon Mana Viper        Hex/Summ       21%        N/A       100%        5
 Death Channel            Necr           21%        N/A       100%        6
 Enfeeble                 Hex            11%        N/A       100%        7
 Monstrous Menagerie      Summ           10%        N/A       100%        7


Dungeon Overview and Level Annotations

Branches:
Dungeon (13/15)            Temple (1/1) D:6            Lair (5/5) D:10
  Swamp (4/4) Lair:2       Spider (0/4) Lair:2        Slime (1/5) Lair:5
    Orc (1/2) D:9
 Vaults: D:13-14

Altars:
Ashenzari
Cheibriados
Dithmenos
Fedhas
Gozag
Hepliaklqana
Kikubaaqudgha
Makhleb
Nemelex Xobeh
Okawaru
Qazlal
Ru
Sif Muna
Trog
Uskayaw
Vehumet
Wu Jian
Xom
Yredelemnul

Shops:
D:3 ?   D:6 (

Portals:
Hell: Lair:5
Trove: D:12 (give 3 potions of resistance)

Annotations:
D:3 1 transporter, nms23's ghost, amateur DsCj
Swamp:2 3 runed translucent doors, Anosu's ghost, adept FoFi
Swamp:4 Lernaean hydra


Innate Abilities, Weirdness & Mutations

You are surrounded by a strong repulsion field. (EV +4, RMsl)
You sometimes gain power by taking damage.
You are mostly covered in sharp spines.
You have a small tail.
You are agile. (Dex +4, Str/Int -1)
Your spells are a little harder to cast, but a little more powerful.


Message History

The blast of poison engulfs you but does no damage.
You are more poisoned.
You are engulfed in poison gas.
You are lethally poisoned!
You feel extremely sick.
You enter the shallow water.
Moving in this stuff is going to be slow.
You are engulfed in poison gas.
You are more poisoned.
* * * LOW HITPOINT WARNING * * *
x2 You feel extremely sick.
The swamp dragon bites you but does no damage.
You block the swamp dragon's attack. The swamp dragon closely misses you.
You feel better.
You are engulfed in poison gas.
You are poisoned.
* * * LOW HITPOINT WARNING * * *
You feel very sick. You block the swamp dragon's attack.
The swamp dragon claws you but does no damage.
You block the swamp dragon's attack.
Blink to where?
Press: ? - help, Dir - move target
As you read the scroll of blinking, it crumbles to dust.
You feel very sick.
You feel very sick.
Okay, then.
As you read the scroll of teleportation, it crumbles to dust.
You feel strangely unstable.
You feel sick.
The swamp dragon breathes poison at you.
You feel sick.
You feel sick.
You feel sick.
Your surroundings suddenly seem different.
A swamp dragon, an eight-headed hydra, 27-headed Lernaean hydra and a five-headed hydra come into view.
You feel sick.
The swamp dragon roars deafeningly!
The eight-headed hydra roars!
The 27-headed Lernaean hydra roars deafeningly!
The five-headed hydra roars!
You hear a roar! x2
The 27-headed Lernaean hydra bites you but does no damage.
The 27-headed Lernaean hydra bites you!
You die...

~~,~~~,~~,~~*****
~,,, ~≈..≈.~≈##
~~,~ *≈§.≈.~§≈#
~~,~ *~≈.≈.~≈≈#*
,*,, ~.≈.~.≈.D.*
~,,* *#~~≈.~#D#*
~~~, ,........#
*~*~ ~≈..~≈..~##
*~*, *,*,#≈.~@≈#
**~~ *~~,#≈..#D#
*~~ *#~.≈≈.≈*##
***~ *##.≈D.≈* *~
*~#..≈#.*
,≈.~~~..**
~.≈~~~~~~*
,~.#§*##** ******


You could see the 27-headed Lernaean hydra, an eight-headed hydra, a five-headed
hydra and a swamp dragon.

Vanquished Creatures
  Jorgrun (Swamp:2)
  A tentacled starspawn (Abyss:2)
  A thorn hunter (Swamp:3)
  Aizul (Swamp:1)
  2 fenstrider witches
  4 bunyips
  3 eleionomae
  Snorg (D:12)
  A hell beast (Lair:5)
  11 hydras
  8 alligators
  A catoblepas (Lair:1)
  2 ghost crabs (Swamp:1)
  A boulder beetle (Lair:5)
  2 two-headed ogres
  A death yak (Lair:5)
  Sonja (Orc:1)
  4 skysharks
  A wretched star (Abyss:2)
  2 goliath frogs
  6 bog bodies
  A wizard (Lair:5)
  4 swamp dragons
  A necromancer (Lair:3)
  An orc sorcerer (Orc:1)
  A lindwurm (Lair:5)
  An ugly thing (D:12)
  2 cyclopes
  A shining eye (Slime:1)
  3 will-o-the-wisps
  4 black mambas
  11 elephants
  A smoke demon (Lair:5)
  A gargoyle (D:12)
  A torpor snail (Lair:5)
  17 cane toads
  An orange demon (Lair:5)
  6 rime drakes
  11 komodo dragons
  An ice devil (Lair:5)
  3 red devils (Lair:5)
  A polar bear (Lair:2)
  4 tyrant leeches
  A wind drake (shapeshifter) (D:9)
  4 hornets
  5 trolls
  16 blink frogs
  6 slime creatures (Slime:1)
  5 dream sheep (Lair:5)
  A wraith (D:13)
  A wyvern (D:9)
  9 spriggans
  4 shadows
  45 yaks
  2 steam dragons
  10 basilisks
  17 vampire mosquitoes
  2 redbacks (Lair:2)
  21 swamp worms
  2 wargs (D:9)
  5 acid dragons
  Duvessa (D:5)
  5 hell hounds (Lair:5)
  20 water moccasins
  7 swamp drakes
  6 orc warriors
  2 elephant zombies (Lair:3)
  5 ice beasts
  4 ogres
  6 wolves (Lair:2)
  2 black bears
  6 centaurs
  2 komodo dragon zombies (Lair:3)
  3 phantoms
  2 kobold brigands
  Blork the orc (D:4)
  A gnoll sergeant (Orc:1)
  2 small abominations (Abyss:2)
  11 bullfrogs
  3 scorpions
  14 wights
  Dowan (D:5)
  16 killer bees
  5 electric eels (Lair:3)
  A basilisk zombie (Lair:3)
  A jelly (D:5)
  7 hounds
  12 orc priests
  A gnoll bouda (D:6)
  An iguana (D:5)
  2 sleepcaps (D:6)
  21 orc wizards
  4 hell rats (Lair:5)
  9 gnolls
  7 adders
  5 white imps
  2 ufetubi
  57 orcs
  8 endoplasms
  2 giant cockroaches
  9 goblins
  4 hobgoblins
  2 jackals (D:2)
  18 kobolds
  4 quokkas
  6 ball pythons
  2 bats
  3 frilled lizards
  6 rats
607 creatures vanquished.

Vanquished Creatures (others)
  A swamp dragon (Swamp:1)
  A will-o-the-wisp (Swamp:1)
  2 bloated husks
  2 orc wizards (D:4)
  14 foxfires
  2 starspawn tentacles (Abyss:2)
22 creatures vanquished.

Grand Total: 629 creatures vanquished

Notes
Turn   | Place    | Note
-------+----------+-------------------------------------------
     0 | D:1      | IcyTea the Demonspawn Venom Mage began the quest for the
                  | Orb.
     0 | D:1      | Reached XP level 1. HP: 13/13 MP: 3/3
   216 | D:1      | Gained mutation: You have a small tail. [demonic ancestry]
   216 | D:1      | Reached XP level 2. HP: 18/19 MP: 0/5
   811 | D:1      | Reached XP level 3. HP: 13/24 MP: 1/6
  1377 | D:2      | Learned a level 3 spell: Mephitic Cloud
  1567 | D:2      | Reached XP level 4. HP: 30/30 MP: 7/7
  1774 | D:3      | Found Qiunubro's Magic Scroll Boutique.
  1785 | D:3      | Reached skill level 5 in Poison Magic
  1831 | D:3      | Bought a scroll of teleportation for 30 gold pieces
  1831 | D:3      | Bought a scroll of identify for 20 gold pieces
  1852 | D:3      | Identified the +3 robe of Hubris {rF++ Str+3}
  2206 | D:3      | Noticed a phantom
  2298 | D:3      | Killed a phantom
  2299 | D:3      | Gained mutation: You are partially covered in sharp spines.
                  | [demonic ancestry]
  2299 | D:3      | Reached XP level 5. HP: 26/35 MP: 5/8
  2397 | D:3      | Learned a level 4 spell: Olgreb's Toxic Radiance
  2517 | D:3      | Found a transporter.
  2519 | D:3      | Noticed nms23's ghost (amateur DsCj)
  2895 | D:4      | Noticed an ice beast
  3002 | D:4      | Gained mutation: You are surrounded by a mild repulsion
                  | field. (EV +2) [demonic ancestry]
  3002 | D:4      | Reached XP level 6. HP: 40/41 MP: 6/9
  3111 | D:4      | Learned a level 1 spell: Shock
  3174 | D:4      | Found a broken altar of Ashenzari.
  3214 | D:4      | Killed an ice beast
  3229 | D:4      | Became a worshipper of Ashenzari the Shackled
  3272 | D:4      | Noticed Blork the orc
  3282 | D:4      | Killed Blork the orc
  3506 | D:5      | Entered Level 5 of the Dungeon
  3564 | D:5      | Gained mutation: You sometimes gain a little power by
                  | taking damage. [demonic ancestry]
  3564 | D:5      | Reached XP level 7. HP: 34/46 MP: 11/11
  3769 | D:5      | Noticed Duvessa
  3770 | D:5      | Noticed Dowan
  3780 | D:5      | Reached skill level 1 in Conjurations
  3781 | D:5      | Killed Duvessa
  3783 | D:5      | Killed Dowan
  4117 | D:5      | Reached skill level 1 in Air Magic
  4117 | D:5      | Gained mutation: You are surrounded by a moderate repulsion
                  | field. (EV +3) [demonic ancestry]
  4117 | D:5      | Reached XP level 8. HP: 26/52 MP: 3/12
  5036 | D:6      | Found a staircase to the Ecumenical Temple.
  5048 | Temple   | Entered the Ecumenical Temple
  5154 | D:6      | Reached skill level 1 in Fighting
  5270 | D:6      | Found Hauco's Antique Weapon Boutique.
  5463 | D:6      | Reached * piety under Ashenzari
  5523 | D:6      | Bought a glowing demon blade for 342 gold pieces
  5821 | D:7      | Reached skill level 1 in Long Blades
  5850 | D:7      | Reached XP level 9. HP: 58/64 MP: 8/13
  6311 | D:7      | Identified the +10 scale mail "Wauhinoz" {rElec rC+ Will-}
  6368 | D:7      | Reached skill level 1 in Armour
  7063 | D:8      | Found an iron altar of Okawaru.
  7156 | D:8      | Reached skill level 5 in Armour
  7367 | D:8      | Gained mutation: You sometimes gain power by taking damage.
                  | [demonic ancestry]
  7367 | D:8      | Reached XP level 10. HP: 31/70 MP: 10/14
  7510 | D:8      | Learned a level 3 spell: Stone Arrow
  7994 | D:8      | Reached ** piety under Ashenzari
  8025 | D:8      | Reached skill level 1 in Shields
  8085 | D:8      | Paralysed by a hornet for 3 turns
  8821 | D:9      | Found a blossoming altar of Fedhas.
  8829 | D:9      | Reached skill level 10 in Poison Magic
  8830 | D:9      | Found a sparkling altar of Nemelex Xobeh.
  9081 | D:9      | Found a sacrificial altar of Ru.
  9122 | D:9      | Found a staircase to the Orcish Mines.
  9157 | D:9      | Learned a level 3 spell: Ignite Poison
  9158 | D:9      | Identified a scroll of acquirement
  9176 | D:9      | Acquired the +9 staff of Olgreb {rPois∞}
  9176 | D:9      | Found the +9 staff of Olgreb {rPois∞}
  9230 | D:9      | Reached skill level 5 in Long Blades
  9254 | D:9      | Found a radiant altar of Vehumet.
  9254 | D:9      | Found a hide-covered altar of Uskayaw.
  9256 | D:9      | Found a shimmering altar of Xom.
  9257 | D:9      | Found a basalt altar of Yredelemnul.
  9258 | D:9      | Found an opulent altar of Gozag.
  9627 | D:9      | Reached skill level 1 in Earth Magic
  9627 | D:9      | Reached XP level 11. HP: 64/75 MP: 4/17
  9914 | Orc:1    | Entered Level 1 of the Orcish Mines
  9924 | Orc:1    | Noticed Sonja
  9984 | Orc:1    | Noticed an orc sorcerer
 10133 | Orc:1    | Paralysed by an orc sorcerer for 3 turns
 10137 | Orc:1    | Killed an orc sorcerer
 10245 | Orc:1    | Killed Sonja
 10464 | Orc:1    | Noticed an orc high priest
 10490 | D:10     | Entered Level 10 of the Dungeon
 10492 | D:10     | Reached skill level 5 in Spellcasting
 10502 | D:10     | Acquired 1137 gold pieces
 10605 | D:3      | Bought a scroll of acquirement for 520 gold pieces
 10605 | D:3      | Bought a scroll of enchant weapon for 75 gold pieces
 10606 | D:3      | Acquired an amulet of reflection
 10768 | D:10     | Found a staircase to the Lair.
 11320 | D:10     | Identified Everyday Arcane Knowledge
 11492 | D:11     | Noticed a two-headed ogre
 11506 | D:11     | Killed a two-headed ogre
 11730 | D:11     | Noticed a fire dragon
 11730 | D:11     | Noticed a boulder beetle
 11730 | D:11     | Noticed a death knight
 11730 | D:11     | Noticed a centaur warrior
 11730 | D:11     | Identified the +6 halberd "Genogaosum" {flame, rF+ rC++}
 11739 | D:11     | Noticed an ogre mage
 11739 | D:11     | Noticed a wizard
 11765 | D:11     | Noticed a boulder beetle
 12277 | D:12     | Reached skill level 5 in Shields
 12313 | D:12     | Noticed a brown ugly thing
 12326 | D:12     | Killed a brown ugly thing
 12341 | D:12     | Reached XP level 12. HP: 84/84 MP: 11/20
 12439 | D:12     | Noticed a two-headed ogre
 12449 | D:12     | Killed a two-headed ogre
 12711 | D:12     | Noticed Snorg
 12724 | D:12     | Killed Snorg
 12896 | D:12     | Found a portal to a secret trove of treasure.
 13293 | Lair:1   | Entered Level 1 of the Lair of Beasts
 13303 | Lair:1   | Reached skill level 1 in Transmutations
 13692 | Lair:1   | Noticed a catoblepas
 13701 | Lair:1   | Killed a catoblepas
 13956 | Lair:1   | Noticed a four-headed hydra
 13959 | Lair:1   | Reached *** piety under Ashenzari
 13970 | Lair:1   | Killed a five-headed hydra
 14430 | Lair:1   | Reached skill level 5 in Conjurations
 14746 | Lair:2   | Gained mutation: You are surrounded by a strong repulsion
                  | field. (EV +4, RMsl) [demonic ancestry]
 14746 | Lair:2   | Reached XP level 13. HP: 93/93 MP: 12/24
 15476 | Lair:2   | Found a hole to the Spider Nest.
 15650 | Lair:2   | Found a staircase to the Swamp.
 17133 | Lair:3   | Reached **** piety under Ashenzari
 17663 | Lair:4   | Reached skill level 5 in Dodging
 17905 | Lair:4   | Reached skill level 5 in Fighting
 18264 | Lair:5   | Entered Level 5 of the Lair of Beasts
 18300 | Lair:5   | Gained mutation: You are mostly covered in sharp spines.
                  | [demonic ancestry]
 18300 | Lair:5   | Reached XP level 14. HP: 53/106 MP: 29/29
 18703 | Lair:5   | Reached skill level 10 in Long Blades
 18970 | Lair:5   | Found a staircase to the Slime Pits.
 19472 | Abyss:2  | Cast into level 2 of the Abyss (a wizard)
 19523 | Abyss:2  | Noticed a tentacled starspawn
 19536 | Abyss:2  | Killed a tentacled starspawn
 19573 | Lair:5   | Escaped the Abyss
 19578 | Lair:5   | Found a burning altar of Makhleb.
 19622 | Lair:5   | Reached skill level 1 in Evocations
 19819 | Lair:5   | Found a gateway to Hell.
 19917 | Slime:1  | Entered Level 1 of the Pits of Slime
 19923 | Slime:1  | Gained mutation: Potions are less effective at restoring
                  | your health. [a shining eye]
 20212 | Swamp:1  | Entered Level 1 of the Swamp
 20376 | Swamp:1  | Learned a level 4 spell: Manifold Assault
 20418 | Swamp:1  | Reached skill level 1 in Translocations
 20697 | Swamp:1  | Noticed Aizul
 20710 | Swamp:1  | Killed Aizul
 20863 | Swamp:1  | Learned a level 4 spell: Dispel Undead
 21824 | Swamp:1  | Lost mutation: Potions are less effective at restoring your
                  | health. [potion of mutation]
 21824 | Swamp:1  | Gained mutation: You are somewhat resistant to further
                  | mutation. [potion of mutation]
 21825 | Swamp:1  | Lost mutation: You are somewhat resistant to further
                  | mutation. [potion of mutation]
 21825 | Swamp:1  | Gained mutation: You are agile. (Dex +4, Str/Int -1)
                  | [potion of mutation]
 21825 | Swamp:1  | Gained mutation: Your spells are a little harder to cast,
                  | but a little more powerful. [potion of mutation]
 22018 | Swamp:2  | Reached skill level 10 in Spellcasting
 22330 | Swamp:2  | Noticed Jorgrun
 22342 | Swamp:2  | Killed Jorgrun
 22343 | Swamp:2  | Reached XP level 15. HP: 113/113 MP: 13/31
 22343 | Swamp:2  | Noticed Anosu's ghost (adept FoFi)
 22353 | Swamp:2  | Noticed a fenstrider witch
 22386 | Swamp:2  | Found a runed translucent gate.
 22386 | Swamp:2  | Found a runed translucent gate.
 22386 | Swamp:2  | Found a runed translucent gate.
 22391 | Swamp:2  | Noticed a fenstrider witch
 22397 | Swamp:2  | Found the +8 storm bow {elec, penet}
 23028 | Swamp:3  | Noticed a fenstrider witch
 23057 | Swamp:3  | Paralysed by a fenstrider witch for 4 turns
 23067 | Swamp:3  | Paralysed by a fenstrider witch for 2 turns
 23075 | Swamp:3  | Killed a fenstrider witch
 23769 | Swamp:3  | Noticed a thorn hunter
 23793 | Swamp:3  | Killed a thorn hunter
 24365 | Swamp:4  | Entered Level 4 of the Swamp
 24396 | Swamp:4  | Noticed a fenstrider witch
 24401 | Swamp:4  | Paralysed by a fenstrider witch for 4 turns
 24413 | Swamp:4  | Paralysed by a fenstrider witch for 5 turns
 24417 | Swamp:4  | HP: 4/115 [poisoned by a fenstrider witch]
 24419 | Swamp:4  | Paralysed by a fenstrider witch for 2 turns
 24423 | Swamp:4  | Killed a fenstrider witch
 25662 | Swamp:4  | Noticed the 27-headed Lernaean hydra
 25662 | Swamp:4  | Slain by the 27-headed Lernaean hydra

Illustrated notes

Levels and vault maps discovered:
D:1:      heliophobic_arrival_henge, layout_loops_ring, minmay_gold_behind_fungi
D:2:      layout_rooms, serial_forest, infiniplex_forest_straight_2,
          infiniplex_forest_lined_room_2, infiniplex_forest_lined_corner,
          infiniplex_forest_clump_medium, infiniplex_forest_clump_medium,
          infiniplex_forest_straight_2, infiniplex_forest_clump_C
D:3:      layout_basic, gammafunk_ghost_mausoleum, serial_shops, shop,
          st_stairs_4, guppyfry_early_lair_pool
D:4:      layout_rooms, lemuel_tele_altar, minmay_a_box_with_orc_wizards_in_it,
          uniq_blork_the_orc
D:5:      layout_cave_pods, uniq_duvessa
D:6:      layout_basic, minmay_temple_entry_crystal_x, serial_shops,
          nicolae_shop_window_shopping
D:7:      minmay_skewed_foursquare, layout_loops_corners, serial_glass,
          glass_columns_a, glass_columns_c
D:8:      kb_forest_paths, layout_basic, okawaru_trees_1
D:9:      layout_irregular_city, nicolae_ru_awakened_eye,
          grunt_temple_overflow_open, minitemple, erik_orc_4
D:10:     layout_roguey, david_lair_generic
D:11:     layout_roguey, minivault_12
D:12:     layout_rooms, nicolae_trove_entry_columns, uniq_snorg
D:13:     layout_basic, grunt_vaults_entry_fortified
Temple:   hellmonk_temple_flake
Lair:1:   layout_chaotic_city, beast_lair_carwin_10
Lair:2:   layout_gridlike, minmay_swamp_entry_worms, spider_nest_entry_webs,
          grunt_megastairs_5
Lair:3:   pond_and_an_island_with_a_cottage, layout_gridlike, serial_rivers,
          chequers_serial_rivers_room_b, chequers_serial_rivers_micro_c,
          chequers_serial_rivers_micro_c, chequers_serial_rivers_marsh,
          chequers_serial_rivers_micro_b, grunt_megastairs_2
Lair:4:   layout_concentric_octagons
Lair:5:   evil_forest, layout_regular_city, dpeg_slime_entry_enclosed,
          lemuel_fruit_fields
Swamp:1:  layout_falls_marsh, evilmike_swamp_ruin_wall,
          infiniplex_staircase_pool, uniq_aizul
Swamp:2:  layout_basic_swamp, gammafunk_ghost_split,
          nicolae_swamp_very_dense_foliage, swamp_pool1, uniq_jorgrun
Swamp:3:  cheibrodos_swamp_tower_of_moss, layout_basic_swamp,
          evilmike_swamp_ruin_house_4
Swamp:4:  swamp_old_school, layout_basic_swamp
Slime:1:  layout_caves
Orc:1:    layout_caves, basic_altar, uniq_sonja

Skill      XL: |  1  2  3  4  5  6  7  8  9 10 11 12 13 14 15 |
---------------+----------------------------------------------+-----
Poison Magic   | 4 6 7 8 9 10 12 | 12.1
Spellcasting   | 3 4 5 9 10 | 10.1
Conjurations   | 4 6 |  6.9
Air Magic      | 1 3 |  3.4
Fighting       | 3 4 5 6 9 |  9.6
Long Blades    | 2 4 6 7 9 12 | 12.2
Armour         | 6 7 8 9 |  9.5
Shields        | 3 5 |  5.0
Earth Magic    | 1 3 4 |  4.2
Dodging        | 4 5 |  5.1
Fire Magic     | 3 |  3.1
Transmutations | 2 |  2.4
Evocations     | 1 |  1.4
Translocations | 2 4 |  4.4
Necromancy     | 3 |  3.2
Short Blades   | |  0.5
Stealth        | |  1.7

Action                     |  1- 3 |  4- 6 |  7- 9 | 10-12 | 13-15 || total
---------------------------+-------+-------+-------+-------+-------++-------
  Melee: Dagger            |    11 |    21 |    85 |       |       ||   117
         Unarmed           |     5 |       |       |       |       ||     5
         Punch             |     1 |     3 |     5 |       |       ||     9
         Short sword       |    52 |    10 |       |       |       ||    62
         Tailslap          |     4 |    10 |    46 |    87 |   189 ||   336
         Long sword        |       |    70 |       |       |       ||    70
         Demon blade       |       |       |   122 |   465 |   872 ||  1459
   Cast: Sting             |    56 |    42 |     3 |     1 |       ||   102
         Mephitic Cloud    |       |     1 |       |     1 |       ||     2
         Olgreb's Toxic Ra |       |     1 |    25 |    79 |    74 ||   179
         Shock             |       |       |     6 |    22 |       ||    28
         Stone Arrow       |       |       |       |     6 |    93 ||    99
         Ignite Poison     |       |       |       |     3 |    17 ||    20
         Manifold Assault  |       |       |       |       |     3 ||     3
 Invoke: Curse Item        |       |       |     3 |     3 |     2 ||     8
         Shatter the Chain |       |       |     1 |       |       ||     1
  Evoke: Wand              |       |       |       |       |     8 ||     8
    Use: Scroll            |       |     8 |     2 |    10 |     6 ||    26
         Potion            |       |     2 |       |     1 |     9 ||    12
   Stab: Sleeping          |     1 |       |       |       |       ||     1
         Petrified         |       |       |       |     1 |       ||     1
         Confused          |       |       |       |       |     1 ||     1
 Armour: Robe              |    43 |    65 |    69 |       |       ||   177
         Skin              |       |    29 |       |       |       ||    29
         Scale mail        |       |       |    63 |   364 |   544 ||   971
  Dodge: Dodged            |    48 |    80 |   136 |   252 |   489 ||  1005
         Repelled          |       |       |       |       |    21 ||    21
  Block: Buckler           |       |       |       |   270 |   519 ||   789
         Reflection        |       |       |       |     8 |    11 ||    19

Table legend: (Time is in decaauts)
 A = Elapsed time spent in this place.
 B = Non-inter-level travel time spent in this place.
 C = Inter-level travel time spent in this place.
 D = Time resting spent in this place.
 E = Time spent auto-exploring this place.
 F = Levels seen in this place.
 G = Mean time per level.
                   A        B        C        D        E       F      G
               +--------+--------+--------+--------+--------+-----+--------+
         Total |  25703 |  24995 |    708 |   7571 |   9549 |  26 |  988.6 |
       Dungeon |  13378 |  12894 |    484 |   2652 |   6444 |  13 | 1029.1 |
        Temple |      1 |      1 |      0 |      0 |      0 |   1 |    1.0 |
          Lair |   6630 |   6433 |    197 |   2006 |   2143 |   5 | 1326.0 |
         Swamp |   5361 |   5334 |     27 |   2908 |    962 |   4 | 1340.2 |
    Slime Pits |    160 |    160 |      0 |      0 |      0 |   1 |  160.0 |
  Orcish Mines |     82 |     82 |      0 |      5 |      0 |   1 |   82.0 |
         Abyss |     89 |     89 |      0 |      0 |      0 |   1 |   89.0 |
               +--------+--------+--------+--------+--------+-----+--------+

Top non-repeatable levels by time:
 Swamp:3: 1735 daAuts
     D:8: 1721 daAuts
 Swamp:1: 1659 daAuts
     D:9: 1613 daAuts
  Lair:2: 1455 daAuts
  Lair:1: 1447 daAuts
     D:7: 1355 daAuts
  Lair:5: 1291 daAuts
  Lair:3: 1258 daAuts
     D:6: 1228 daAuts
  Lair:4: 1176 daAuts
     D:5: 1162 daAuts
     D:1: 1098 daAuts
 Swamp:4: 1081 daAuts
     D:3: 952 daAuts
